 Dungeon Crawl Stone Soup version 0.29-a0-925-g0a7a3d12f8 (webtiles) character file.

Game seed: 894899421991847950

83 Newt the Grave Robber (level 4, 0/30 HPs)
             Began as a Vampire Necromancer on July 29, 2022.
             Killed by nerve-wracking pain
             ... invoked by Grinder
              (14 damage)
             ... on level 3 of the Dungeon.
             The game lasted 00:08:23 (1863 turns).

Newt the Grave Robber (Vampire Necromancer)         Turns: 1863, Time: 00:08:24

Health: 0/30       AC:  3    Str:  7    XL:     4   Next: 22%
Magic:  2/8        EV: 12    Int: 25    God:
Gold:   69         SH:  0    Dex: 14    Spells: 1/9 levels left

rFire   . . .      SeeInvis +   t - +1 dagger (speed)
rCold   . . .      Faith    .   (no shield)
rNeg    . . .      Spirit   .   a - +0 robe
rPois   .          Reflect  .   s - +0 helmet
rElec   .          Harm     .   (no cloak)
rCorr   .          Rampage  .   (no gloves)
Will    .....                   (no boots)
Stlth   ++........              (no amulet)
HPRegen 0.30/turn               k - +6 ring of intelligence
MPRegen 0.11/turn               (no ring)

@: healing quickly
A: alive, fangs 3, see invisible, vampiric 2
a: Exsanguinate


You were on level 3 of the Dungeon.
You visited 1 branch of the dungeon, and saw 4 of its levels.

You collected 69 gold pieces.

Inventory:

Hand Weapons
 t - a +1 dagger of speed (weapon)
Armour
 a - a +0 robe (worn)
 s - a +0 helmet (worn)
Jewellery
 k - a +6 ring of intelligence (left hand)
Scrolls
 b - a scroll of enchant weapon {unknown}
 c - a scroll of amnesia {unknown}
 d - a scroll of teleportation {unknown}
 f - a scroll of enchant armour {unknown}
 i - a scroll of blinking
 j - 2 scrolls of immolation {unknown}
 l - a scroll of fear {unknown}
 o - a scroll of noise {unknown}
 q - a scroll of torment {unknown}
Potions
 e - a potion of might
 g - a potion of curing
 h - 2 potions of heal wounds
 m - a potion of lignification {unknown}
 p - a potion of flight
 r - a potion of cancellation {unknown}


   Skills:
 + Level 0.1 Fighting
 * Level 2.5 Dodging
 + Level 3.1 Stealth
 + Level 3.0 Spellcasting
 + Level 5.2 Necromancy
 * Level 1.0 Poison Magic


You had one spell level left.
You knew the following spells:

 Your Spells              Type           Power      Damage    Failure   Level
a - Necrotise             Necr           100%       1d9       1%          1
b - Vampiric Draining     Necr           29%        2d8       3%          3
c - Animate Dead          Necr           29%        N/A       12%         4

Your spell library contained the following spells:

 Spells                   Type           Power      Damage    Failure   Level
 Sting                    Tmut/Pois      24%        1d4       9%          1
 Poisonous Vapours        Pois/Air       12%        N/A       12%         2
 Agony                    Necr           29%        N/A       32%         5
 Corpse Rot               Necr/Pois/Air  14%        N/A       38%         4
 Ignition                 Fire           1%         3d3       100%        8
 Fire Storm               Conj/Fire      1%         8d1       100%        9


Dungeon Overview and Level Annotations

Branches:
Dungeon (4/15)
 Temple: D:4-7

Altars:

Annotations:
D:3 Grinder


Innate Abilities, Weirdness & Mutations

Your natural rate of healing is accelerated.
You have razor-sharp teeth.
You have supernaturally acute eyesight. (SInv)
You are afflicted with vampirism and can become a bat while bloodless.


Message History

The orc attacks as you move away! The orc hits you with a +0 club.
The orc attacks as you move away! The orc hits you with a +0 club.
Aiming: Necrotise (safe; 1% risk of failure)
Press: ? - help, Q - select action, (/) - cycle Shift-Dir - straight line, f/p - orc
Aim: an orc, wielding a +0 club and wearing a +0 scale mail (moderately wounded, chance to affect: 93%)
The orc writhes in agony.
The orc hits you but does no damage.
You barely miss the orc.
The orc is heavily wounded.
You closely miss the orc.
The orc is heavily wounded.
The orc closely misses you.
You completely miss the orc.
The orc is heavily wounded.
The orc hits you with a +0 club.
You hit the orc but do no damage.
The orc is heavily wounded.
You hit the orc but do no damage.
The orc is heavily wounded.
The orc hits you with a +0 club.
* * * LOW HITPOINT WARNING * * *
Your reaping aura is weakening.
Aiming: Necrotise (safe; 1% risk of failure)
Press: ? - help, Q - select action, (/) - cycle Shift-Dir - straight line, f/p - orc
Aim: an orc, wielding a +0 club and wearing a +0 scale mail (heavily wounded, chance to affect: 93%)
The orc writhes in agony.
The orc hits you but does no damage. The orc attacks as you move away!
The orc hits you with a +0 club.
* * * LOW HITPOINT WARNING * * *
Your reaping aura expires.
Blink to where?
Press: ? - help, Dir - move target, p - orc
As you read the scroll labelled OSENUZ EPTAFEG, it crumbles to dust.
It was a scroll of blinking.
The orc throws a boomerang.
The boomerang barely misses you.
Grinder comes into view.
Grinder says, "What is the universe for?"
Grinder gestures at you. Pain shoots through your body!
You die...

... #.##..##...#
.######.##.......#
............####.#
.
######.##.....<.#
.. #.##....##.....
... #.##.).......
...#
#.##.#..##.##..
..#
#.##...........
.5# #.##...@##.#.
#.###.##5...##.#
#......oo......#
#.###.#..#.#####
#.o..o...#.#
######..##.#..#.##
........##.#.....
#..#.##.##.#..#.##
#..#.##.##........


You could see Grinder and 3 orcs.

Vanquished Creatures
  3 adders
  2 worms
  A dart slug (D:1)
  3 orcs (D:3)
  3 endoplasms
  4 giant cockroaches
  3 goblins
  A hobgoblin (D:1)
  4 quokkas
  3 ball pythons
  3 bats
  A frilled lizard (D:1)
  9 kobolds
  2 rats
42 creatures vanquished.

Vanquished Creatures (collateral kills)
  A goblin (D:2)
  A hobgoblin (D:3)
  A quokka (D:2)
3 creatures vanquished.

Vanquished Creatures (others)
  An orc zombie (D:3)
1 creature vanquished.

Grand Total: 46 creatures vanquished

Notes
Turn   | Place    | Note
-------+----------+-------------------------------------------
     0 | D:1      | Newt the Vampire Necromancer began the quest for the Orb.
     0 | D:1      | Reached XP level 1. HP: 13/13 MP: 3/3
   208 | D:1      | Reached XP level 2. HP: 19/19 MP: 1/5
   816 | D:2      | Reached skill level 5 in Necromancy
   816 | D:2      | Gained mutation: You are afflicted with vampirism and can
                  | become a bat while bloodless. [Vampire growth]
   816 | D:2      | Reached XP level 3. HP: 5/24 MP: 0/6
   903 | D:2      | Learned a level 3 spell: Vampiric Draining
   913 | D:2      | Found a faded altar of an unknown god.
   949 | D:2      | Got the Precepts of Incendiary Shapeshifting
  1362 | D:3      | Reached XP level 4. HP: 30/30 MP: 1/8
  1570 | D:3      | Reached skill level 1 in Poison Magic
  1628 | D:3      | Learned a level 4 spell: Animate Dead
  1853 | D:3      | Noticed Grinder
  1863 | D:3      | Killed from afar by Grinder

Illustrated notes

Levels and vault maps discovered:
D:1:      minmay_arrival_loop, layout_basic
D:2:      layout_rooms, hellmonk_ecumenical_altar_lost_god
D:3:      layout_basic, mainiacjoe_overflow_small_starburst, uniq_grinder,
          uniq_crazy_yiuf_cottage
D:4:      layout_basic, grunt_dithmenos_smoke, amcnicky_mini_pool_small,
          st_stairs_12, kennysheep_big_empty_room, uniq_menkaure

Skill      XL: |  1  2  3  4 |
---------------+-------------+-----
Necromancy     | 5 |  5.2
Poison Magic   | 1 |  1.0
Spellcasting   | 3 |  3.0
Fighting       | |  0.1
Dodging        | |  2.5
Stealth        | |  3.1

Action                   |  1- 3 |  4- 6 || total
-------------------------+-------+-------++-------
Melee: Unarmed           |    13 |     2 ||    15
       Punch             |     1 |       ||     1
       Dagger            |       |    11 ||    11
       Bite              |       |     1 ||     1
 Cast: Necrotise         |    55 |    21 ||    76
       Animate Dead      |       |     3 ||     3
       Vampiric Draining |       |     2 ||     2
  Use: Potion            |     2 |       ||     2
       Scroll            |     2 |     2 ||     4
Armor: Robe              |     1 |     5 ||     6
Dodge: Dodged            |    11 |    20 ||    31

Table legend: (Time is in decaauts)
 A = Elapsed time spent in this place.
 B = Non-inter-level travel time spent in this place.
 C = Inter-level travel time spent in this place.
 D = Time resting spent in this place.
 E = Time spent auto-exploring this place.
 F = Levels seen in this place.
 G = Mean time per level.
                   A        B        C        D        E       F      G
               +--------+--------+--------+--------+--------+-----+--------+
         Total |   1858 |   1839 |     19 |    137 |   1205 |   4 |  464.5 |
       Dungeon |   1858 |   1839 |     19 |    137 |   1205 |   4 |  464.5 |
               +--------+--------+--------+--------+--------+-----+--------+

Top non-repeatable levels by time:
     D:1: 716 daAuts
     D:2: 601 daAuts
     D:3: 482 daAuts
     D:4: 58 daAuts
